 Dungeon Crawl Stone Soup version 0.24.0-10-g970556be89 (webtiles) character file.

Game seed: 4050261901944070827, levelgen mode: deterministic

37 Descartes the Gusty (level 3, -2/20 HPs)
             Began as a Tengu Air Elementalist on Nov 4, 2019.
             Slain by a leopard gecko (5 damage)
             ... on level 2 of the Dungeon.
             The game lasted 00:04:21 (1466 turns).

Descartes the Gusty (Tengu Air Elementalist)        Turns: 1466, Time: 00:04:21

Health: -2/20      AC:  3    Str:  8    XL:     3   Next: 39%
Magic:  7/7        EV: 13    Int: 16    God:
Gold:   38         SH:  0    Dex: 14    Spells: 5/6 levels left

rFire    + . .     SeeInvis .   p - +2 short sword (vamp)
rCold    x . .     Gourm    .   (no shield)
rNeg     . . .     Faith    .   e - +0 robe
rPois    .         Spirit   .   (helmet restricted)
rElec    .         Reflect  .   (no cloak)
rCorr    .         Harm     .   d - +0 pair of gloves
MR       .....                  (boots unavailable)
Stlth    ++........             (no amulet)
HPRegen  0.06/turn              b - ring of fire
MPRegen  0.10/turn              (no ring)

@: no status effects
A: beak, talons 3
a: no special abilities


You were on level 2 of the Dungeon.
You were very full.

You visited 1 branch of the dungeon, and saw 2 of its levels.

You collected 38 gold pieces.

Inventory:

Hand Weapons
 j - a +0 hunting sling
 p - a +2 vampiric short sword (weapon)
Missiles
 f - 34 stones (quivered)
 m - 19 sling bullets
 o - 34 bolts
Armour
 d - a +0 pair of gloves (worn)
 e - a +0 robe (worn)
Jewellery
 b - a ring of fire (left hand)
Scrolls
 g - 2 scrolls of identify {unknown}
 i - 2 scrolls of remove curse {unknown}
 q - a scroll of teleportation {unknown}
Potions
 h - a potion of mutation {unknown}
 n - a potion of resistance {unknown}
Comestibles
 a - a ration
 l - 2 chunks of flesh


   Skills:
 + Level 0.6 Fighting
 + Level 2.6 Dodging
 + Level 2.3 Stealth
 + Level 2.2 Spellcasting
 + Level 2.0 Conjurations
 + Level 4.6 Air Magic


You had 5 spell levels left.
You knew the following spells:

 Your Spells              Type           Power        Failure   Level  Hunger
a - Shock                 Conj/Air       ##..         5%          1    #......

Your spell library contained the following spells:

 Spells                   Type           Power        Failure   Level  Hunger
 Swiftness                Chrm/Air       #.......     12%         2    ###....
 Static Discharge         Conj/Air       ##......     16%         3    ###....
 Airstrike                Air            ###.......   30%         4    #####..
 Lightning Bolt           Conj/Air       ##........   82%         5    ######.


Dungeon Overview and Level Annotations

Branches:
Dungeon (2/15)

Altars:

Annotations:
D:2 Natasha


Innate Abilities, Weirdness & Mutations

You have a beak for a mouth.
You have claws for feet.


Message History

Natasha is heavily wounded.
Natasha barely misses you. The leopard gecko misses you.
The crimson imp shouts, "Turn tail, thou villainous doghearted joithead!"
The crimson imp hits you but does no damage.
You barely miss Natasha.
Natasha is heavily wounded.
Natasha stares at you and mumbles some strange words.
The magic dart hits you! The leopard gecko barely misses you.
The crimson imp hits you. Natasha closely misses you.
You hit Natasha. Your kick misses Natasha.
Natasha is heavily wounded.
The leopard gecko bites you.
* * * LOW HITPOINT WARNING * * *
The crimson imp blinks!
The leopard gecko bites you.
* * * LOW HITPOINT WARNING * * *
Natasha mumbles some strange words.
You hit Natasha. Your kick misses Natasha.
Natasha is severely wounded.
The leopard gecko bites you.
You die...

##.######.#
#.........#. ..
#...).....#.#..
#.#######.#.#.#
##....### #.#.#
#.......# #.#.#
#.......+ #.#.#
#.......####.#.#
#.....5.'....@h#
#.......####ยง#l5...#
#............#.#.....
#..........#<#.# ....
#####+####.#.#.# ...
#......#.#.# ..
########.#.# . ..#..
..#


You could see Natasha, a crimson imp, a white imp and a leopard gecko.

Vanquished Creatures
  A dart slug (D:1)
  2 leopard geckos (D:1)
  4 bats
  A giant cockroach (D:1)
  4 goblins (D:1)
  7 hobgoblins
  6 kobolds (D:1)
  A ball python (D:1)
  A frilled lizard (D:1)
  3 rats
30 creatures vanquished.

Notes
Turn   | Place    | Note
-------+----------+-------------------------------------------
     0 | D:1      | Descartes the Tengu Air Elementalist began the quest for
                  | the Orb.
     0 | D:1      | Reached XP level 1. HP: 10/10 MP: 4/4
   124 | D:1      | Reached XP level 2. HP: 15/15 MP: 4/6
   868 | D:1      | Reached XP level 3. HP: 20/20 MP: 3/7
  1456 | D:2      | Noticed Natasha
  1466 | D:2      | Slain by a leopard gecko

Levels and vault maps discovered:
D:1:      dpeg_arrival_rooms_with_view, layout_loops_cross, supply_closet_lemuel
D:2:      layout_basic, uniq_natasha

Skill      XL: |  1  2  3 |
---------------+----------+-----
Conjurations   | 2 |  2.0
Fighting       | |  0.6
Dodging        | |  2.6
Stealth        | |  2.3
Spellcasting   | |  2.2
Air Magic      | |  4.6

Action                   || total
-------------------------++-------
Melee: Dagger            ||    15
       Kick              ||     8
       Short sword       ||    10
       Peck              ||     2
 Cast: Shock             ||    61
  Eat: Ration            ||     2
       Chunk             ||     2
Armor: Robe              ||     7
Dodge: Dodged            ||    28
